 Dungeon Crawl Stone Soup version 0.30-a0-782-ge64f9170bb (webtiles) character file.

Game seed: 13906327893635060808

77 theswoord the Chopper (level 4, -1/33 HPs)
             Began as a Demonspawn Gladiator on Feb 21, 2023.
             Killed from afar by Terence (11 damage)
             ... with a bolt of dispelling energy
             ... on level 3 of the Dungeon.
             The game lasted 00:01:46 (1744 turns).

theswoord the Chopper (Demonspawn Gladiator)        Turns: 1744, Time: 00:01:46

Health: -1/33      AC:  6    Str: 16    XL:     4   Next: 14%
Magic:  4/4        EV: 10    Int:  9    God:
Gold:   122        SH:  5    Dex: 15    Spells: 3/3 levels left

rFire   . . .      SeeInvis .    a - +0 war axe
rCold   . . .      Faith    .    (no shield)
rNeg    . . .      Spirit   .    k - +0 scale mail
rPois   .          Reflect  +    (helmet restricted)
rElec   .          Harm     .    (no cloak)
rCorr   .          Rampage  .    (no gloves)
Will    .....                    (no boots) Stlth
                                 j - amulet of reflection
HPRegen 0.25/turn                (no ring)
MPRegen 0.09/turn                (no ring)

@: no status effects
A: horns 1
a: no special abilities


You were on level 3 of the Dungeon.
You visited 1 branch of the dungeon, and saw 3 of its levels.

You collected 122 gold pieces.

Inventory:

Hand Weapons
 a - a +0 war axe (weapon)
Missiles
 d - 3 throwing nets (quivered)
 e - a javelin
Armour
 b - a +0 leather armour
 c - a +0 helmet
 k - a +0 scale mail (worn)
Jewellery
 j - an amulet of reflection (around neck)
 q - a +6 ring of intelligence
Scrolls
 g - 3 scrolls of vulnerability
 h - a scroll of identify {unknown}
 m - a scroll of acquirement {unknown}
Potions
 f - 2 potions of curing {unknown}
 i - a potion of might {unknown}
 l - a potion of experience {unknown}
 n - 2 potions of heal wounds {unknown}
 o - a potion of attraction {unknown}
 p - a potion of flight {unknown}


   Skills:
 - Level 2.0 Fighting
 + Level 4.6 Axes
 - Level 1.7 Throwing
 - Level 2.6 Dodging


You had 3 spell levels left.
You didn't know any spells.
Your spell library contained the following spells:

 Spells                   Type           Power      Damage    Failure   Level
 Magic Dart               Conj           0%         1d3       83%         1
 Call Imp                 Summ           0%         N/A       93%         2
 Mephitic Cloud           Conj/Pois/Air  0%         N/A       99%         3


Dungeon Overview and Level Annotations

Branches:
Dungeon (3/15)

Altars:
Sif Muna

Annotations:
D:3 Terence


Innate Abilities, Weirdness & Mutations

You have a pair of small horns on your head.


Message History

You kill the goblin!
You hit the bat.
You kill the bat!
Robin barely misses you.
You closely miss Robin. Your headbutt misses Robin. You hit the goblin.
You kill the goblin!
Robin hits you with a +0 dagger.
You barely miss Robin. You headbutt Robin, but do no damage.
Robin hits you but does no damage. Robin hits you with a +0 dagger.
You slash Robin!
You kill Robin!
You have reached level 4!
You feel agile.
An orc comes into view. It is wielding a +0 mace.
An orc is nearby!
An orc is nearby!
The orc shouts!
Items here: ) [[ ††.
A kobold comes into view. It is wielding a +0 short sword.
The kobold shouts!
You slash the orc!
You kill the orc!
Items here: ) ? [ †.
Terence the Incautious comes into view.
He is wielding a +0 short sword and carrying a wand of quicksilver (9).
Terence shouts!
The kobold throws a stone.
The stone closely misses you.
A ball python comes into view.
The ball python hisses angrily.
The kobold hits you but does no damage.
Terence zaps a wand.
The bolt of dispelling energy hits the kobold!
The kobold dies!
The bolt of dispelling energy hits you!!
Ouch! That really hurt!
* * * LOW HITPOINT WARNING * * *
Things that are here:
a +0 short sword; a stone; a kobold corpse You slash the ball python!
You kill the ball python!
Terence zaps a wand.
The bolt of dispelling energy hits you!
You die...

##.## #...# #...# #####
# #...###...##. #
#............ ...
######...##.....#
.....##.......))......#
.....@†@)..)..)....<..#
.....##.......))).[.....
... ####......#....?.. #
#.#.........#..
#.#....######.. #.#...$#
# #.#....# ....#..#


You could see Terence.

Vanquished Creatures
  Robin (D:3)
  An adder (D:2)
  A worm (D:2)
  2 dart slugs
  An orc (D:3)
  2 endoplasms
  3 giant cockroaches
  8 goblins (D:3)
  5 hobgoblins
  2 quokkas
  5 ball pythons
  5 bats
  5 frilled lizards
  5 kobolds
  5 rats (D:1)
51 creatures vanquished.

Vanquished Creatures (others)
  A kobold (D:3)
1 creature vanquished.

Grand Total: 52 creatures vanquished

Notes
Turn   | Place    | Note
-------+----------+-------------------------------------------
     0 | D:1      | theswoord the Demonspawn Gladiator began the quest for the
                  | Orb.
     0 | D:1      | Reached XP level 1. HP: 16/16 MP: 1/1
   117 | D:1      | Reached skill level 3 in Axes
   408 | D:1      | Gained mutation: You have a pair of small horns on your
                  | head. [demonic ancestry]
   408 | D:1      | Reached XP level 2. HP: 22/22 MP: 2/2
   991 | D:2      | Reached XP level 3. HP: 27/27 MP: 3/3
   995 | D:2      | Reached skill level 4 in Axes
  1260 | D:2      | Found a shimmering blue altar of Sif Muna.
  1711 | D:3      | Noticed Robin
  1722 | D:3      | Killed Robin
  1723 | D:3      | Reached XP level 4. HP: 23/33 MP: 4/4
  1740 | D:3      | Noticed Terence
  1744 | D:3      | Killed from afar by Terence

Skill      XL: |  1  2  3 |
---------------+----------+-----
Axes           | 3 4 |  4.6
Fighting       | |  2.0
Throwing       | |  1.7
Dodging        | |  2.6

Action                     |  1- 3 |  4- 6 || total
---------------------------+-------+-------++-------
  Melee: War axe           |   111 |     2 ||   113
         Headbutt          |    18 |       ||    18
         Punch             |     3 |       ||     3
    Use: Scroll            |     5 |       ||     5
   Stab: Sleeping          |     1 |       ||     1
 Armour: Leather armour    |     5 |       ||     5
         Scale mail        |    46 |     1 ||    47
  Dodge: Dodged            |    65 |     1 ||    66
  Block: Other             |    22 |       ||    22
         Reflection        |     1 |       ||     1

Levels and vault maps discovered:
D:1:      zelgadis_glass_arrival_small, layout_basic
D:2:      layout_loops_ring, basic_altar, serial_aquarium,
          aquarium_bridge_square [aquarium_subvault_wall,
          aquarium_subvault_bridge, aquarium_subvault_window,
          aquarium_subvault_bridge], aquarium_bridge_square
          [aquarium_subvault_wall, aquarium_subvault_bridge,
          aquarium_subvault_window, aquarium_subvault_bridge],
          aquarium_window_1, aquarium_window_1, aquarium_view_2b,
          aquarium_view_2d, aquarium_balcony_5a, aquarium_pool_four
D:3:      layout_loops_cross, uniq_natasha, uniq_terence, uniq_grinder,
          uniq_robin
